 Dungeon Crawl Stone Soup version 0.19.1 (webtiles) character file.

163 spooks32 the Vandal (level 5, 0/52 HPs)
             Began as a Halfling Assassin on Dec 26, 2016.
             Succumbed to a scorpion's poison
             ... on level 3 of the Dungeon.
             The game lasted 00:16:06 (3588 turns).

spooks32 the Vandal (Halfling Assassin)             Turns: 3588, Time: 00:16:06

Health: 0/52       AC: 22    Str: 12    XL:     5   Next: 72%
Magic:  5/5        EV:  3    Int:  7    God:
Gold:   209        SH:  0    Dex: 17    Spells: 0 memorised, 4 levels left

rFire  . . .     SeeInvis +     o - +0 hunting sling
rCold  . . .     Gourm    .     (armour currently unavailable)
rNeg   + + +     Faith    .     (shield restricted)
rPois  +         Spirit   .     (helmet currently unavailable)
rElec  .         Reflect  .     (cloak currently unavailable)
rCorr  .         Harm     .     (gloves currently unavailable)
MR     .....     NoTele   +     (boots currently unavailable)
Stlth  +++.......               (no amulet)
                                (no ring)
                                c - ring of see invisible

@: lethally poisoned (0 -> -12), tree-form
A: dopey 1, mutation resistance 1
a: no special abilities


You were on level 3 of the Dungeon.
You were not hungry.
You were a tree.
You visited 1 branch of the dungeon, and saw 4 of its levels.

You collected 209 gold pieces.

Inventory:

Hand Weapons
 a - a +2 dagger
 b - a +0 blowgun
 o - a +0 hunting sling (weapon)
Missiles
 e - 6 poisoned needles
 f - 2 curare-tipped needles
 g - 7 sling bullets
 i - 35 stones (quivered)
 u - 3 tomahawks
Armour
 d - a +0 cloak (melded)
 h - a +0 leather armour
 x - a +2 buckler
Jewellery
 c - a ring of see invisible (left branch)
Scrolls
 j - 3 scrolls of remove curse
 l - a scroll of magic mapping
 m - a scroll of amnesia
 r - a scroll of fear {unknown}
 t - a scroll of noise {unknown}
 w - a scroll of identify
Potions
 p - a potion of mutation
Comestibles
 q - a slice of pizza
 s - 2 meat rations
 v - a bread ration


   Skills:
 * Level 2.6 Fighting
 - Level 4.0 Short Blades
 * Level 5.1(5.5) Slings
 - Level 2.0(3.0) Throwing
 - Level 1.1 Dodging
 - Level 4.3 Stealth


You had 4 spell levels left.
You didn't know any spells.

Dungeon Overview and Level Annotations

Branches:
Dungeon (4/15)
 Temple: D:4-7

Altars:


Innate Abilities, Weirdness & Mutations

You are small and have problems with some larger weapons.
You are somewhat resistant to further mutation.
You are dopey. (Int -2)


Message History

You feel stupid.
* * * LOW HITPOINT WARNING * * *
You feel sick. The scorpion stings you.
* * * LOW HITPOINT WARNING * * *
It was a potion of lignification.
You turn into a tree.
Your +0 cloak melds into your body.
Your roots penetrate the ground.
* * * LOW HITPOINT WARNING * * *
You feel sick. The scorpion barely misses you.
Firing (i - inventory. (,) - cycle):
i - 37 stones (quivered)
Press: ? - help, Shift-Dir - straight line, f/p - scorpion
Aim: a scorpion (almost dead)
You shoot a stone. The stone closely misses the scorpion.
* * * LOW HITPOINT WARNING * * *
You feel sick.
The scorpion stings you but does no damage.
Firing (i - inventory. (,) - cycle):
i - 36 stones (quivered)
Press: ? - help, Shift-Dir - straight line, f/p - scorpion
Aim: a scorpion (almost dead)
You shoot a stone. The stone closely misses the scorpion.
You die...

###.#.......####..### #.. ###
####........(...# #÷.# #..
...##...........(...###..#### #..
.....<....#.<...(...........####.
................(............##..
...........................[.....
..............................###
.........##.....s.............##
...##...###.....♣..............#
### ####.......................##
##...............>..........
#........................###
#............#...........##.
#........................#..
#.....................†....#
#...............#.......#...
##.......#......#......†..##


You could see a scorpion.

Vanquished Creatures
  A jelly (D:3)
  4 gnolls (D:2)
  A shadow imp (D:3)
  An ooze (D:1)
  3 worms (D:3)
  The ghost of dscm the Digger, a weakling OpEE (D:3)
  4 leopard geckos
  5 orcs (D:3)
  2 ball pythons
  2 giant cockroaches (D:2)
  7 goblins
  6 hobgoblins
  7 kobolds
  7 bats
  7 frilled lizards
  12 rats
70 creatures vanquished.

Notes
Turn   | Place    | Note
-------+----------+-------------------------------------------
     0 | D:1      | spooks32 the Halfling Assassin began the quest for the Orb.
     0 | D:1      | Reached XP level 1. HP: 14/14 MP: 1/1
   134 | D:1      | Reached XP level 2. HP: 8/19 MP: 2/2
   681 | D:1      | Reached XP level 3. HP: 24/24 MP: 3/3
  1630 | D:3      | Noticed dscm's ghost (weakling OpEE)
  1643 | D:2      | Reached skill level 1 in Slings
  1643 | D:2      | Reached XP level 4. HP: 8/29 MP: 4/4
  1944 | D:2      | Reached skill level 2 in Slings
  2254 | D:2      | Reached skill level 3 in Slings
  2511 | D:3      | Reached XP level 5. HP: 25/35 MP: 5/5
  2614 | D:3      | Noticed a sky beast
  2896 | D:3      | Reached skill level 4 in Slings
  3130 | D:3      | Killed dscm's ghost
  3237 | D:3      | Found a faded altar of an unknown god.
  3410 | D:3      | Reached skill level 5 in Slings
  3585 | D:3      | Gained mutation: You are dopey. (Int -2) [potion of mutation]
  3586 | D:3      | HP: 2/52 [poisoned by a scorpion]
  3588 | D:3      | Succumbed to a scorpion's poison

Skill      XL: |  1  2  3  4  5 |
---------------+----------------+-----
Fighting       | 2 |  2.6
Short Blades   | 3 4 |  4.0
Slings         | 1 3 5 |  5.1
Throwing       | |  2.0
Dodging        | |  1.1
Stealth        | |  4.3

Action                   |  1- 3 |  4- 6 || total
-------------------------+-------+-------++-------
Melee: Dagger            |    65 |    32 ||    97
 Fire: Blowgun           |     3 |     3 ||     6
       Hunting sling     |    28 |   145 ||   173
Throw: Stone             |     5 |       ||     5
  Use: Scroll            |     6 |       ||     6
       Potion            |       |     6 ||     6
 Stab: Sleeping          |     4 |     3 ||     7
       Distracted        |     1 |       ||     1
  Eat: Bread ration      |     1 |     1 ||     2
Armor: Robe              |    10 |       ||    10
       Skin              |     2 |     9 ||    11
Dodge: Dodged            |    49 |    89 ||   138
